 Dungeon Crawl Stone Soup version 0.31.0-9-g3a7656b989 (webtiles) character file.

Game seed: 14249674679673225378

9 qw the Shooter (level 2, -2/14 HPs)
             Began as a Spriggan Hunter on Feb 2, 2024.
             Frozen to death by an endoplasm (3 damage)
             ... on level 1 of the Dungeon.
             The game lasted 00:00:00 (362 turns).

qw the Shooter (Spriggan Hunter)                     Turns: 362, Time: 00:00:01

Health: -2/14      AC:  2    Str:  7    XL:     2   Next: 6%
Magic:  3/3        EV: 18    Int: 10    God:
Gold:   0          SH:  0    Dex: 18    Spells: 1/1 levels left

rFire   . . .        a - +0 shortbow
rCold   . . .        (shield currently unavailable)
rNeg    . . .        c - +0 robe
rPois   .            (helmet restricted)
rElec   .            (no cloak)
rCorr   .            (gloves unavailable)
SInv    +            (boots unavailable)
Will    .....        (no amulet)
Stlth   ++           (no ring)
HPRegen 0.22/turn    (no ring)
MPRegen 0.08/turn

%: no passive effects
@: very quick
A: very small, no large weapons, unfitting armour, see invisible, speed 3
a: no special abilities


You were on level 1 of the Dungeon.
You visited 1 branch of the dungeon, and saw 1 of its levels.


Innate Abilities, Weirdness & Mutations

You are very small and have problems with some larger weapons.
You are too small for most types of armour.
You have supernaturally acute eyesight. (SInv)
You cover ground extremely quickly. (Speed+++)


   Skills:
 - Level 1.5 Fighting
 - Level 4.0 Ranged Weapons
 + Level 3.8 Dodging
 - Level 1.5 Stealth


You had one spell level left.
You didn't know any spells.
Your spell library was empty.

Inventory:

Hand Weapons
 a - a +0 shortbow (weapon)
Armour
 c - a +0 robe (worn)
Scrolls
 b - a scroll of butterflies
 e - 2 scrolls of teleportation {unknown}
 f - a scroll of identify {unknown}
 g - a scroll of poison {unknown}
Potions
 d - a potion of enlightenment {unknown}
 h - a potion of magic {unknown}

Dungeon Overview and Level Annotations

Branches:
Dungeon (1/15)

Altars:


Message History

The arrow hits the quokka but does no damage.
You hear an angry hiss.
A ball python comes into view.
A giant cockroach comes into view.
You shoot an arrow.
The arrow closely misses the ball python.
You shoot an arrow. The arrow hits the ball python.
The ball python is heavily wounded.
The ball python misses you. The ball python grabs you.
The ball python constricts you. The quokka closely misses you.
The ball python barely misses you. The ball python constricts you.
You shoot an arrow. The arrow hits the ball python.
You kill the ball python!
An endoplasm comes into view.
The quokka closely misses you.
You shoot an arrow.
The arrow hits the quokka but does no damage.
The quokka barely misses you. The quokka completely misses you.
The endoplasm freezes you.
You are frozen.
You shoot an arrow. The arrow barely misses the quokka.
The arrow hits the giant cockroach but does no damage.
The quokka closely misses you. The endoplasm barely misses you.
You shoot an arrow.
The arrow hits the quokka but does no damage.
The quokka bites you. The endoplasm completely misses you.
The quokka barely misses you.
You shoot an arrow. The arrow hits the quokka.
The quokka is almost dead.
The endoplasm closely misses you. The quokka barely misses you.
You shoot an arrow. The arrow misses the quokka.
The arrow hits the giant cockroach but does no damage.
The quokka barely misses you. The endoplasm freezes you.
You are frozen.
You shoot an arrow. The arrow hits the quokka.
You kill the quokka!
The endoplasm misses you. The endoplasm freezes you.
You are frozen.
You die...

###..# #.# #.#### #.....
## #.# #....#
........%..#.####.##.##.#
...##.## #...%..........#
#...# .# #...#....#..#...
#...# # #...#.####......
#...# ###.. #.# .####
......#.###...#
......J@B...# #
###..##.###.# #. #.# #
... #.. ####


You could see an endoplasm and a giant cockroach.

Vanquished Creatures
  A ball python (D:1)
  An endoplasm (D:1)
  A goblin (D:1)
  A hobgoblin (D:1)
  A kobold (D:1)
  2 quokkas (D:1)
  2 rats (D:1)
9 creatures vanquished.

Notes
Turn   | Place    | Note
-------+----------+-------------------------------------------
     0 | D:1      | qw the Spriggan Hunter began the quest for the Orb.
     0 | D:1      | Reached XP level 1. HP: 10/10 MP: 2/2
     0 | D:1      | 0 ||| qw: Version: 0.3-a-155-g5e7d8dd
     0 | D:1      | 0 ||| qw: Game counter: 1526
     0 | D:1      | 0 ||| qw: Melee chars always use a shield: true
     0 | D:1      | 0 ||| qw: God list: Okawaru
     0 | D:1      | 0 ||| qw: Allow faded altars: false
     0 | D:1      | 0 ||| qw: Do Orc after clearing Dungeon:15 true
     0 | D:1      | 0 ||| qw: Do second Lair branch before Depths: true
     0 | D:1      | 0 ||| qw: Lair rune preference: random
     0 | D:1      | 0 ||| qw: Goals: Normal
     0 | D:1      | 0 ||| PLANNING D:1-11
   110 | D:1      | Reached skill level 3 in Dodging
   348 | D:1      | Reached XP level 2. HP: 14/14 MP: 3/3
   361 | D:1      | HP: 1/14 [frozen (5)]
   362 | D:1      | Frozen to death by an endoplasm

Levels and vault maps discovered:
D:1:      saegor_arrival_simple_a, layout_loops_ring, minmay_heptomino_l4

Skill      XL: |  1 |
---------------+----+-----
Dodging        | 3 |  3.8
Fighting       | |  1.5
Ranged Weapons | |  4.0
Stealth        | |  1.5

Action                     || total
---------------------------++-------
   Fire: Shortbow          ||    32
 Armour: Robe              ||     2
  Dodge: Dodged            ||    15

Table legend:
 A = Non-vault XP
 B = Vault XP
 C = Vault XP percentage of total XP
 D = Non-vault monster count
 E = Vault monster count
 F = Vault count percentage of total count
                 A         B        C        D         E       F
            +---------+---------+-------+---------+---------+-------
      Total |      16 |       0 |   0.0 |       9 |       0 |   0.0
            +---------+---------+-------+---------+---------+-------
        D:1 |      16 |       0 |   0.0 |       9 |       0 |   0.0
            +---------+---------+-------+---------+---------+-------
